 Dungeon Crawl Stone Soup version 0.16.1-25-gbcee3f8 (webtiles) character file.

2541 Z4ng3tsu the Covered (level 9, -2/69 HPs)
             Began as a Demonspawn Berserker on May 20, 2015.
             Was a High Priest of Trog.
             Slain by Joseph
             ... wielding a +0 quarterstaff
              (12 damage)
             ... on level 7 of the Dungeon.
             The game lasted 01:08:50 (6938 turns).

Z4ng3tsu the Covered (Demonspawn Berserker)         Turns: 6938, Time: 01:08:50

Health: -2/69      AC: 13    Str: 27    XL:     9   Next: 30%
Magic:  9/9        EV: 14    Int:  8    God:    Trog [*****.]
Gold:   317        SH:  0    Dex: 15    Spells: 0 memorised, 8 levels left

rFire  . . .     SeeInvis .     m - +1 falchion of Wounding {flame, rPois rC- Str+3}
rCold  . . .     Clarity  .     f - +4 scale mail
rNeg   . . .     SustAb   .     (no shield)
rPois  +         Gourm    .     (no helmet)
rElec  .         Spirit   .     (no cloak)
rCorr  .         Warding  .     (no gloves)
rMut   .         Stasis   .     (no boots)
MR     ++...                    (no amulet)
Stlth  ..........               (no ring)
                                (no ring)

@: mighty, regenerating, very resistant to hostile enchantments, extremely
unstealthy
A: talons 1, thin metallic scales 1, cold resistance 1, rot immunity
a: Burn Spellbooks, Berserk, Trog's Hand, Brothers in Arms, Renounce Religion


You were on level 7 of the Dungeon.
You worshipped Trog.
Trog was extremely pleased with you.
You were near starving.

You visited 1 branch of the dungeon, and saw 7 of its levels.

You collected 317 gold pieces.

Inventory:

Hand weapons
 a - a +0 falchion
 h - a +0 great sword
 m - the +1 falchion of Wounding (weapon) {flame, rPois rC- Str+3}
   (You found it on level 4 of the Dungeon)

   It has been specially enchanted to burn those struck by it, causing extra
   injury to most foes and up to half again as much damage against particularly
   susceptible opponents.
   Big, fiery blades are also staple armaments of hydra-hunters.
   It affects your strength (+3).
   It makes you vulnerable to cold.
   It protects you from poison.
 s - a +2 shortbow of velocity
Armour
 b - a +0 animal skin
 e - a +0 scale mail
 f - a +4 scale mail (worn)
 i - a +0 ring mail
Jewellery
 d - an uncursed amulet of stasis
Magical devices
 r - a wand of frost (47)
Scrolls
 j - a scroll of fog
 k - a scroll of blinking
 o - 2 scrolls of teleportation
 q - a scroll of identify
 u - 2 scrolls of magic mapping
Potions
 c - a potion of might
 g - 2 potions of curing
 l - a potion of haste
 p - a potion of poison


   Skills:
 + Level 6.2 Fighting
 + Level 6.0 Long Blades
 + Level 6.5 Armour
 + Level 6.4 Dodging
 + Level 1.0 Stealth
 + Level 0.4 Evocations


You had 8 spell levels left.
You didn't know any spells.

Dungeon Overview and Level Annotations

Branches:
Dungeon (7/15)
 Temple: D:4-7

Altars:
Dithmenos
Elyvilon
Nemelex Xobeh
Okawaru
Trog
Yredelemnul

Annotations:
D:7 Joseph


Innate Abilities, Weirdness & Mutations

You have sharp toenails.
You are partially covered in thin metallic scales (AC +2).
Your flesh is cold resistant.
You are immune to rotting.


Message History

You feel very mighty all of a sudden.
You barely miss Joseph. Your kick misses Joseph.
Joseph is moderately wounded.
Joseph hits you with an uncursed quarterstaff!
* * * LOW HITPOINT WARNING * * *
You slash Joseph! You burn Joseph. You claw Joseph.
Joseph is heavily wounded.
Joseph hits you with an uncursed quarterstaff.
* * * LOW HITPOINT WARNING * * *
Use which ability? (? or * to list)
Your skin crawls.
You feel resistant to hostile enchantments.
You feel slightly more hungry.
Joseph drinks a potion.
Joseph is healed!
You hit Joseph. You burn Joseph. You claw Joseph.
Joseph is severely wounded.
Joseph drinks a potion.
Joseph is healed!
You hit Joseph. You burn Joseph. Your kick misses Joseph.
Joseph is severely wounded.
Joseph hits you with an uncursed quarterstaff!
You die...

. #. #. ). #
#.####.#
.#####.#....#
.......#.#
#.......#(####
#......@@(...####
#.......#.##....#
.......#.......#
.......####....#
..%.... #.#.##
...... ...#.#
####.#.####.# ..#
#.# # #.#


You could see Joseph.

Vanquished Creatures
  The ghost of hornqvist the Cleaver, an experienced FoFi (D:7)
  The ghost of Thomus the Chopper, an average HOFi (D:3)
  A hungry ghost (D:7)
  4 ogres
  A phantom (D:6)
  2 giant frogs (D:6)
  A gnoll sergeant (D:6)
  3 big kobolds (D:7)
  A scorpion (D:6)
  4 wights (D:6)
  2 goliath beetles
  A jelly (D:6)
  5 orc wizards
  Crazy Yiuf (D:2)
  3 hounds
  5 worker ants
  A hound zombie (D:6)
  A hound skeleton (D:7)
  9 gnolls
  10 adders
  A shadow imp (D:6)
  A giant mite (D:6)
  2 worms
  An adder zombie (D:5)
  An adder skeleton (D:4)
  5 giant geckos
  2 oozes
  30 orcs
  2 ball pythons (D:3)
  13 bats
  2 bat skeletons (D:4)
  A bat zombie (D:6)
  2 giant cockroaches
  10 goblins
  14 hobgoblins
  8 jackals
  2 quokkas
  A giant gecko skeleton (D:4)
  6 giant newts
  45 kobolds
  A quokka skeleton (D:4)
  9 rats
216 creatures vanquished.

Notes
Turn   | Place    | Note
--------------------------------------------------------------
     0 | D:1      | Z4ng3tsu, the Demonspawn Berserker, began the quest for the Orb.
     0 | D:1      | Reached XP level 1. HP: 18/18 MP: 1/1
   105 | D:1      | Gained mutation: You possess an exceptional clarity of mind. [potion of mutation]
   105 | D:1      | Gained mutation: You tend to lose your temper in combat. [potion of mutation]
   184 | D:1      | Gained mutation: Your flesh is cold resistant. [demonic ancestry]
   184 | D:1      | Reached XP level 2. HP: 20/24 MP: 2/2
   522 | D:1      | Acquired Trog's second power
   811 | D:2      | Reached XP level 3. HP: 29/29 MP: 3/3
  1026 | D:2      | Found a bloodstained altar of Trog.
  1026 | D:2      | Found an iron altar of Okawaru.
  1090 | D:2      | Gained mutation: You are partially covered in thin metallic scales (AC +2). [demonic ancestry]
  1090 | D:2      | Reached XP level 4. HP: 31/36 MP: 4/4
  1264 | D:2      | Noticed Crazy Yiuf
  1269 | D:2      | Killed Crazy Yiuf
  1480 | D:3      | Gained mutation: You are immune to rotting. [demonic ancestry]
  1480 | D:3      | Reached XP level 5. HP: 38/42 MP: 5/5
  1503 | D:3      | Noticed Thomus' ghost (average HOFi)
  1521 | D:3      | Killed Thomus' ghost
  1521 | D:3      | Reached skill level 4 in Fighting
  1521 | D:3      | Reached XP level 6. HP: 10/48 MP: 6/6
  2324 | D:3      | Acquired Trog's third power
  2379 | D:3      | Noticed an ogre
  3019 | D:4      | Got a scorched falchion
  3080 | D:4      | Identified the cursed +1 falchion of Wounding {flame, rPois rC- Str+3} (You found it on level 4 of the Dungeon)
  3259 | D:4      | Gained mutation: You have sharp toenails. [demonic ancestry]
  3259 | D:4      | Reached XP level 7. HP: 35/55 MP: 7/7
  3852 | D:5      | Entered Level 5 of the Dungeon
  4423 | D:5      | Lost mutation: You possess an exceptional clarity of mind. [potion of cure mutation]
  4423 | D:5      | Lost mutation: You tend to lose your temper in combat. [potion of cure mutation]
  4791 | D:6      | Reached skill level 1 in Stealth
  4949 | D:6      | Found a basalt altar of Yredelemnul.
  4950 | D:6      | Found a white marble altar of Elyvilon.
  4955 | D:6      | Found a sparkling altar of Nemelex Xobeh.
  5102 | D:6      | Reached skill level 5 in Fighting
  5102 | D:6      | Reached XP level 8. HP: 60/62 MP: 8/8
  5131 | D:6      | Reached skill level 5 in Dodging
  5150 | D:6      | Reached skill level 5 in Long Blades
  5395 | D:6      | Reached skill level 5 in Armour
  6026 | D:6      | Found a shadowy altar of Dithmenos.
  6031 | D:6      | Received a gift from Trog
  6336 | D:7      | Noticed hornqvist's ghost (experienced FoFi)
  6360 | D:7      | Killed hornqvist's ghost
  6360 | D:7      | Reached skill level 6 in Fighting
  6360 | D:7      | Reached XP level 9. HP: 25/69 MP: 9/9
  6916 | D:7      | Noticed Joseph
  6938 | D:7      | Slain by Joseph

Action                   |  1- 3 |  4- 6 |  7- 9 || total
-------------------------+-------+-------+-------++-------
Melee: Falchion          |   137 |   269 |   450 ||   856
       Great sword       |       |       |    28 ||    28
Invok: Berserk           |     2 |     6 |     6 ||    14
       Burn Spellbooks   |       |       |     3 ||     3
       Trog's Hand       |       |       |     3 ||     3
Evoke: Wand              |       |       |     1 ||     1
  Use: Potion            |     4 |     3 |     7 ||    14
       Scroll            |     4 |     5 |    10 ||    19
 Stab: Fleeing           |       |       |     1 ||     1
  Eat: Bread ration      |     1 |     1 |       ||     2
       Meat ration       |       |     2 |     2 ||     4
       Beef jerky        |       |       |     1 ||     1
       Chunk             |       |       |     4 ||     4
